 Dungeon Crawl Stone Soup version 0.20-a0-1124-g2e29d97 (webtiles) character file.

31 inmateoo the Shooter (level 3, -5/28 HPs)
             Began as a Barachi Hunter on May 16, 2017.
             Slain by Sigmund
             ... wielding a +3 scythe of protection
              (8 damage)
             ... on level 2 of the Dungeon.
             The game lasted 00:00:51 (650 turns).

inmateoo the Shooter (Barachi Hunter)                Turns: 650, Time: 00:00:52

Health: -5/28      AC:  3    Str: 13    XL:     3   Next: 22%
Magic:  3/3        EV: 12    Int: 11    God:
Gold:   16         SH:  0    Dex: 13    Spells: 2/2 levels left

rFire    . . .     SeeInvis .   a - +1 shortbow
rCold    . . .     Gourm    .   (shield currently unavailable)
rNeg     . . .     Faith    .   c - +0 leather armour
rPois    .         Spirit   .   (no helmet)
rElec    .         Reflect  .   (no cloak)
rCorr    .         Harm     .   (no gloves)
MR       .....                  (no boots)
Stlth    ++........             (no amulet)
Regen    0.1/turn               (no ring)
MPRegen  0.1/turn               (no ring)

@: slow
A: +LOS, swims, slowness 1, strong legs 1
a: Hop


You were on level 2 of the Dungeon.
You were not hungry.

You visited 1 branch of the dungeon, and saw 2 of its levels.

You collected 16 gold pieces.

Inventory:

Hand Weapons
 a - a +1 shortbow (weapon)
 b - a +0 short sword
Missiles
 d - 4 arrows (quivered)
Armour
 c - a +0 leather armour (worn)
Jewellery
 l - an uncursed amulet of magic regeneration {unknown}
Scrolls
 e - a scroll of identify {unknown}
 g - a scroll of noise {unknown}
 h - a scroll of teleportation {unknown}
 i - a scroll of random uselessness {unknown}
 k - a scroll of remove curse {unknown}
 m - a scroll of recharging {unknown}
Potions
 j - a potion of flight {unknown}
Comestibles
 f - a bread ration
 n - a meat ration


   Skills:
 + Level 2.8 Fighting
 * Level 4.5 Bows
 + Level 2.5 Dodging
 + Level 1.4 Stealth


You had 2 spell levels left.
You didn't know any spells.

Dungeon Overview and Level Annotations

Branches:
Dungeon (2/15)

Altars:
Xom

Annotations:
D:2 Sigmund


Innate Abilities, Weirdness & Mutations

Shadows flee at your approach. (+LOS)
You can swim through water.
You cover ground slowly.
You can hop short distances.


Message History

You shoot an arrow. The arrow barely misses Sigmund.
Sigmund hits you from afar with a scythe of protection!
* * * LOW HITPOINT WARNING * * *
Unknown command.
Firing (i - inventory):
d - 6 arrows (quivered)
Press: ? - help, Shift-Dir - straight line, f/p - Sigmund
Aim: Sigmund, wielding a scythe of protection and wearing a robe (lightly wounded, fast)
You shoot an arrow.
The arrow hits Sigmund but does no damage.
Sigmund is lightly wounded.
Sigmund misses you.
Unknown command.
Firing (i - inventory):
d - 5 arrows (quivered)
Press: ? - help, Shift-Dir - straight line, f/p - Sigmund
Aim: Sigmund, wielding a scythe of protection and wearing a robe (lightly wounded, fast)
You shoot an arrow.
The arrow hits Sigmund but does no damage.
Sigmund is lightly wounded.
Sigmund hits you from afar with a scythe of protection!
You die...

.......####..........##..######
..........>†.####.....).......#
..........######..............#
..............................#
.........####.......#..###..###
.........##....†......## ##
............#.........#
##...>......#.........#
##.........#...@...#.#
#.##..##.##...%...###
#..........(..@####
#......?#..#..(. ... ..#.....#.
.. #....(#.# #>..(# .# ..... .<
.%...( ..


You could see Sigmund.

Vanquished Creatures
  A worm (D:2)
  A dart slug (D:1)
  2 leopard geckos (D:1)
  2 bats (D:1)
  2 goblins
  2 hobgoblins
  4 jackals (D:1)
  A kobold (D:1)
  A ball python (D:1)
  A frilled lizard (D:2)
  6 rats
23 creatures vanquished.

Notes
Turn   | Place    | Note
-------+----------+-------------------------------------------
     0 | D:1      | inmateoo the Barachi Hunter began the quest for the Orb.
     0 | D:1      | Reached XP level 1. HP: 17/17 MP: 1/1
   103 | D:1      | Reached skill level 1 in Stealth
   120 | D:1      | Reached XP level 2. HP: 21/23 MP: 2/2
   416 | D:1      | Found a shimmering altar of Xom.
   591 | D:2      | Reached XP level 3. HP: 28/28 MP: 3/3
   642 | D:2      | Noticed Sigmund
   650 | D:2      | Slain by Sigmund

Vault maps used:
D:1:      saegor_arrival_miasma, xom_teletrap_fun
D:2:      chequers_ecumenical_altar_simple_redux, kennysheep_okawaru_gauntlet,
          uniq_sigmund, uniq_crazy_yiuf_cottage

Skill      XL: |  1 |
---------------+----+-----
Stealth        | 1 |  1.4
Fighting       | |  2.8
Bows           | |  4.5
Dodging        | |  2.5

Action                   || total
-------------------------++-------
 Fire: Shortbow          ||    62
Dodge: Dodged            ||    12
